 Dungeon Crawl Stone Soup version 0.22-a0-603-gfc1114d (webtiles) character file.

198 gmonis the Cudgeler (level 5, -3/45 HPs)
             Began as a Minotaur Berserker on July 7, 2018.
             Was a Believer of Trog.
             Slain by a river rat (8 damage)
             ... in a sewer.
             The game lasted 00:04:03 (2827 turns).

gmonis the Cudgeler (Minotaur Berserker)            Turns: 2827, Time: 00:04:03

Health: -3/45      AC:  3    Str: 22    XL:     5   Next: 47%
Magic:  4/4        EV: 12    Int:  4    God:    Trog [**....]
Gold:   58         SH:  0    Dex: 10    Spells: 4/4 levels left

rFire    . . .     SeeInvis .   a - +0 mace
rCold    . . .     Gourm    .   (no shield)
rNeg     . . .     Faith    .   b - +0 animal skin
rPois    .         Spirit   .   (helmet restricted)
rElec    .         Reflect  .   (no cloak)
rCorr    .         Harm     .   l - +0 pair of gloves
MR       .....                  (no boots)
Stlth    +.........             (no amulet)
HPRegen  0.15/turn              (no ring)
MPRegen  0.09/turn              (no ring)

@: berserk cooldown, slowed, very slow
A: retaliatory headbutt, horns 2
a: Berserk, Trog's Hand, Renounce Religion


You were in a sewer.
You worshipped Trog.
Trog was pleased with you.
You were not hungry.

You visited 1 branch of the dungeon, and saw 3 of its levels.
You also visited: Sewer.

You collected 58 gold pieces.

Inventory:

Hand Weapons
 a - a +0 mace (weapon)
Missiles
 e - 168 stones (quivered)
Armour
 b - a +0 animal skin (worn)
 l - a +0 pair of gloves (worn)
Jewellery
 i - a +3 ring of evasion {unknown}
 p - an uncursed ring of poison resistance {unknown}
 q - an uncursed ring of poison resistance {unknown}
Scrolls
 d - 2 scrolls of teleportation {unknown}
 g - 3 scrolls of identify {unknown}
 h - a scroll of enchant armour {unknown}
 j - 2 scrolls of remove curse {unknown}
 k - a scroll of enchant weapon {unknown}
 m - a scroll of noise {unknown}
Potions
 f - a potion of flight {unknown}
 o - a potion of berserk rage {unknown}
 r - 2 potions of curing {unknown}
Comestibles
 c - 7 rations


   Skills:
 - Level 3.6 Fighting
 + Level 7.5 Maces & Flails
 - Level 2.4 Armour
 - Level 2.1 Dodging


You had 4 spell levels left.
You didn't know any spells.
Your spell library was empty.

Dungeon Overview and Level Annotations

Branches:
Dungeon (3/15)

Altars:
Qazlal
Sif Muna
The Shining One


Innate Abilities, Weirdness & Mutations

You reflexively headbutt those who attack you in melee.
You have a pair of horns on your head.


Message History

You kill the river rat!
Trog accepts your kill. The rat misses you.
You barely miss the rat. The rat bites you but does no damage.
The rat bites you.
* * * LOW HITPOINT WARNING * * *
The rat closely misses you.
You hit the rat.
You kill the rat!
Trog accepts your kill. The river rat bites you.
* * * LOW HITPOINT WARNING * * *
The river rat closely misses you.
Things that are here:
a rat corpse; a river rat corpse You closely miss the river rat.
The river rat closely misses you.
You closely miss the river rat. Your headbutt misses the river rat.
The river rat closely misses you. You furiously retaliate!
You headbutt the river rat. The river rat bites you!
You die...

###
#.#
#.#
#@#
#r#
#r#
#r#
#∩#
#.#
#.#
#.#
#.#


You could see a river rat and 2 rats.

Vanquished Creatures
  An orc wizard (D:3)
  3 gnolls (D:2)
  5 adders
  2 river rats
  3 worms
  A dart slug (D:1)
  3 leopard geckos (D:2)
  4 orcs (D:3)
  3 giant cockroaches
  6 goblins
  5 hobgoblins
  3 jackals (D:1)
  A quokka (D:2)
  2 ball pythons
  6 bats
  7 frilled lizards
  4 kobolds
  13 rats
72 creatures vanquished.

Notes
Turn   | Place    | Note
-------+----------+-------------------------------------------
     0 | D:1      | gmonis the Minotaur Berserker began the quest for the Orb.
     0 | D:1      | Reached XP level 1. HP: 19/19 MP: 0/0
   195 | D:1      | Reached skill level 4 in Maces & Flails
   327 | D:1      | Reached XP level 2. HP: 26/26 MP: 1/1
  1079 | D:2      | Reached skill level 5 in Maces & Flails
  1079 | D:2      | Reached XP level 3. HP: 31/31 MP: 2/2
  1081 | D:2      | Reached ** piety under Trog
  1486 | D:2      | Reached XP level 4. HP: 30/39 MP: 3/3
  1517 | D:2      | Reached skill level 6 in Maces & Flails
  1726 | D:2      | Found a glowing golden altar of the Shining One.
  1982 | D:2      | Found a stormy altar of Qazlal.
  1982 | D:2      | Found a deep blue altar of Sif Muna.
  2490 | D:3      | Reached skill level 7 in Maces & Flails
  2490 | D:3      | Reached XP level 5. HP: 45/45 MP: 4/4
  2807 | D:3      | Found a glowing drain.
  2817 | Sewer    | Entered a sewer
  2827 | Sewer    | Slain by a river rat

Vault maps used:
D:1:      mushboom_english_gardens
D:2:      marbit_many_paths, gammafunk_temple_overflow_wave
D:3:      portal_sewer_entry_e, serial_corexii_hall,
          corexii_hall_statues_deadend, corexii_hall_statues_l,
          uniq_crazy_yiuf_cottage
Sewer:    sewer_kobolds

Skill      XL: |  1  2  3  4 |
---------------+-------------+-----
Maces & Flails | 4 5 7 |  7.5
Fighting       | |  3.6
Armour         | |  2.4
Dodging        | |  2.1

Action                   |  1- 3 |  4- 6 || total
-------------------------+-------+-------++-------
Melee: Mace              |    73 |    57 ||   130
       Headbutt          |     5 |    10 ||    15
Invok: Berserk           |     3 |     2 ||     5
 Stab: Sleeping          |       |     1 ||     1
  Eat: Chunk             |     4 |     6 ||    10
Armor: Animal skin       |    12 |     8 ||    20
Dodge: Dodged            |    52 |    41 ||    93

Table legend:
 A = Spawn XP
 B = Non-spawn XP
 C = Spawn XP percentage of total XP
 D = Spawn monster count
 E = Non-spawn monster count
 F = Spawn count percentage of total count
 G = Total turns spent on level
                    A         B        C        D         E        F      G
               +---------+---------+-------+---------+---------+-------+---------
         Total |       0 |     283 |   0.0 |       0 |      72 |   0.0 |  2827
               +---------+---------+-------+---------+---------+-------+---------
           D:1 |       0 |      31 |   0.0 |       0 |      20 |   0.0 |  1050
           D:2 |       0 |     109 |   0.0 |       0 |      25 |   0.0 |  1264
           D:3 |       0 |     128 |   0.0 |       0 |      25 |   0.0 |   503
         Sewer |       0 |      15 |   0.0 |       0 |       2 |   0.0 |    10
               +---------+---------+-------+---------+---------+-------+---------
